 Dungeon Crawl Stone Soup version 0.30-a0-250-g41c1d76940 (webtiles) character file.

Game seed: 14962606401397761921

10899 purpskrrrp the Destroyer (level 11, -12/54 HPs)
             Began as a Gargoyle Fire Elementalist on Oct 12, 2022.
             Was an Elder of Kikubaaqudgha.
             Mangled by a boulder beetle (37 damage)
             ... on level 12 of the Dungeon.
             The game lasted 00:45:27 (12565 turns).

purpskrrrp the Destroyer (GrFE)                    Turns: 12565, Time: 00:45:28

Health: -12/54     AC: 17    Str: 11    XL:     11   Next: 69%
Magic:  32/37      EV: 14    Int: 27    God:    Kikubaaqudgha [****..]
Gold:   914        SH:  0    Dex: 10    Spells: 14/25 levels left

rFire   . . .      SeeInvis .    e - +6 Majin-Bo {vamp, MP+6 Int+6}
rCold   . . .      Faith    .    (shield currently unavailable)
rNeg    + . .      Spirit   .    C - +1 robe {Archmagi}
rPois   ∞          Reflect  .    s - +1 helmet
rElec   +          Harm     .    (no cloak)
rCorr   .          Rampage  .    j - +2 pair of gloves
Will    .....      Archmagi +    H - +0 pair of boots
Stlth   ++........               n - amulet of regeneration
HPRegen 1.09/turn                h - ring of magical power
MPRegen 0.25/turn                (no ring)

@: very slightly contaminated
A: sickness immunity, AC +8, negative energy resistance 1, electricity
resistance, torment resistance 1, petrification resistance, deterioration 1,
screaming 1
a: Renounce Religion, Unearth Wretches


You were on level 12 of the Dungeon.
You worshipped Kikubaaqudgha.
Kikubaaqudgha was greatly pleased with you.
You visited 2 branches of the dungeon, and saw 15 of its levels.

You collected 1310 gold pieces.
You spent 396 gold pieces at shops.

Inventory:

Hand Weapons
 e - the +6 Majin-Bo (weapon) {vamp, MP+6 Int+6}
   (You acquired it on level 1 of the Dungeon)

   It heals its wielder for a portion of the damage dealt when they wound a
   living foe with it or with a spell.
   Its wielder's spells cost health as well as magical power.
   Int:       It affects your intelligence (+6).
   MP:        It affects your magic capacity (+6).
 k - a +2 demon whip of draining
 t - a +1 vorpal war axe
Armour
 c - +0 acid dragon scales
 j - a +2 pair of gloves (worn)
 s - a +1 helmet (worn)
 C - a +1 robe of the Archmagi (worn)
 H - a +0 pair of boots (worn)
Jewellery
 h - a ring of magical power (left hand)
 n - an amulet of regeneration (around neck)
Wands
 b - a wand of digging (4)
 l - a wand of charming (16)
 r - a wand of roots (13)
 B - a wand of flame (19)
 E - a wand of mindburst (9)
Scrolls
 a - a scroll of teleportation
 m - 5 scrolls of enchant weapon
 p - 3 scrolls of fog
 q - a scroll of identify
 x - 2 scrolls of fear
 y - 2 scrolls of poison
 G - a scroll of amnesia
Potions
 d - 3 potions of berserk rage
 f - 2 potions of lignification
 g - a potion of flight
 i - a potion of might
 o - a potion of magic
 u - a potion of cancellation
 v - 3 potions of haste
 w - 2 potions of brilliance
 z - 2 potions of curing
 A - a potion of ambrosia
 D - 2 potions of resistance
 F - 3 potions of invisibility {unknown}


   Skills:
 + Level 8.0 Staves
 + Level 7.0 Dodging
 - Level 2.7 Stealth
 + Level 7.8 Spellcasting
 + Level 8.9 Conjurations
 + Level 8.8 Fire Magic


You had 14 spell levels left.
You knew the following spells:

 Your Spells              Type           Power      Damage    Failure   Level
a - Foxfire               Conj/Fire      100%       2x1d9     1%          1
b - Flame Wave            Conj/Fire      73%        2d16      1%          4
c - Kindle Blastsparks    Fire/Tloc/Air  78%        2d16      4%          3
d - Mephitic Cloud        Conj/Pois/Air  40%        N/A       4%          3

Your spell library contained the following spells:

 Spells                   Type           Power      Damage    Failure   Level
 Kiss of Death            Conj/Necr      100%       2d13      1%          1
 Magic Dart               Conj           100%       1d8       1%          1
 Scorch                   Fire           100%       2d10      1%          2
 Inner Flame              Hex/Fire       51%        N/A       2%          3
 Stone Arrow              Conj/Erth      100%       3d13      2%          3
 Apportation              Tloc           30%        N/A       5%          1
 Beastly Appendage        Tmut           30%        N/A       5%          1
 Necrotise                Necr           60%        1d7       5%          1
 Summon Small Mammal      Summ           60%        N/A       5%          1
 Call Imp                 Summ           15%        N/A       9%          2
 Wereblood                Tmut           15%        N/A       9%          2
 Frozen Ramparts          Ice            30%        1d5       16%         3
 Gell's Gravitas          Tloc           15%        N/A       16%         3
 Lesser Beckoning         Tloc           30%        N/A       16%         3
 Spider Form              Tmut/Pois      15%        N/A       16%         3
 Teleport Other           Tloc           15%        N/A       16%         3
 Anguish                  Hex/Necr       7%         N/A       47%         4
 Animate Armour           Summ/Erth      30%        N/A       47%         4
 Animate Dead             Necr           15%        N/A       47%         4
 Dispel Undead            Necr           15%        3d10      47%         4
 Ice Form                 Ice/Tmut       15%        N/A       47%         4
 Summon Ice Beast         Ice/Summ       15%        N/A       47%         4
 Agony                    Necr           15%        N/A       83%         5
 Borgnjor's Vile Clutch   Necr/Erth      7%         N/A       83%         5
 Death Channel            Necr           7%         N/A       100%        6
 Dispersal                Tloc           7%         N/A       100%        6
 Simulacrum               Ice/Necr       7%         N/A       100%        6
 Lehudib's Crystal Spear  Conj/Erth      25%        10d7      100%        8


Dungeon Overview and Level Annotations

Branches:
Dungeon (14/15)            Temple (1/1) D:4            Lair (0/5) D:9
    Orc (0/2) D:10
 Vaults: D:13-14

Altars:
Ashenzari
Cheibriados
Dithmenos
Elyvilon
Fedhas
Gozag
Hepliaklqana
Kikubaaqudgha
Makhleb
Nemelex Xobeh
Okawaru
Qazlal
Ru
Sif Muna
Trog
Uskayaw
Vehumet
Wu Jian
Xom
Yredelemnul
Zin
The Shining One

Shops:
D:5 !   D:9 :!*

Portals:
Trove: D:11 (give +6 demon blade)


Innate Abilities, Weirdness & Mutations

You are immune to sickness and miasma.
Your stone body is resilient. (AC +8)
You are immune to poison.
You resist negative energy. (rN+)
You are resistant to electric shocks. (rElec)
You are resistant to unholy torment.
You are immune to petrification.
Your body sometimes deteriorates upon taking damage.
You occasionally shout uncontrollably at your foes.


Message History

You are too injured to fight recklessly!
You are too injured to fight recklessly!
You barely miss the boulder beetle.
The boulder beetle is almost dead.
The boulder beetle bites you!
* * * LOW HITPOINT WARNING * * *
You are confused.
You feel invigorated. The boulder beetle bites you.
* * * LOW HITPOINT WARNING * * *
The boulder beetle curls into a ball and begins rolling!
The boulder beetle hits you!!
* * * LOW HITPOINT WARNING * * *
The boulder beetle stops rolling and uncurls.
You feel less invigorated.
You feel less confused.
The boulder beetle attacks as you move away!
The boulder beetle closely misses you.
The boulder beetle leaps!
Casting: Mephitic Cloud (dangerous; 4% risk of failure)
Confirm with . or Enter, or press ? or * to list all spells.
You feel a surge of power!
A cloud of volatile blastsparks flares up around you!
The boulder beetle curls into a ball and begins rolling!
The cloud of blastsparks explodes!
The concussive blast engulfs the boulder beetle but does no damage.
The boulder beetle is severely wounded.
You hear a howl!
Casting: Kindle Blastsparks (dangerous; 4% risk of failure)
Confirm with . or Enter, or press ? or * to list all spells.
Aiming: Mephitic Cloud (dangerous; 4% risk of failure)
Press: ? - help, Shift-Dir - straight line, f/p - boulder beetle
Aim: a boulder beetle (severely wounded, rolling, chance to affect: 43%)
You feel a surge of power!
You miscast Mephitic Cloud.
You are very lightly contaminated with residual magic.
Nothing appears to happen.
You hear a howl!
The boulder beetle attacks as you move away!
The boulder beetle hits you!!!
Ouch! That really hurt!
You die...
Kikubaaqudgha rasps: "You have failed me!
Welcome... oblivion!"

### ### ##.. .>#
#...########.###
#.@B°°.....!.#
#...########.#.#
##.# #°#.# #.
#######.#.### #
#.....°.....#
..#####.#.#.#
#.#.#
########.#.# #
.........#.#.####


You could see a boulder beetle (rolling).

Vanquished Creatures
  Erolcha (D:9)
  A cyclops (D:11)
  A gargoyle (D:11)
  Maggie (D:7)
  2 unseen horrors
  2 guardian mummies (D:11)
  3 meliai (D:14)
  A troll (D:12)
  3 shadows
  Sigmund (D:5)
  12 yaks
  A vampire (D:11)
  2 wraiths (D:11)
  A steam dragon (D:8)
  4 vampire mosquitoes (D:10)
  3 acid dragons
  A water moccasin (D:9)
  An orc warrior (D:10)
  A black bear (D:8)
  An ogre (D:4)
  6 centaurs
  6 phantoms
  3 kobold brigands
  2 scorpions
  A necrophage (D:5)
  A gnoll sergeant (D:9)
  15 wights
  5 killer bees (D:10)
  4 howler monkeys
  2 electric eels
  A jelly (D:5)
  5 hounds
  An orc priest (D:3)
  Ijyb (D:5)
  4 iguanas
  2 orc wizards
  8 ogre zombies (D:10)
  Robin (D:3)
  10 gnolls
  7 adders
  A shadow imp (D:7)
  2 white imps (D:8)
  2 ufetubi
  4 worms
  2 dart slugs
  11 orcs
  7 ball pythons
  8 endoplasms
  4 giant cockroaches
  6 goblins
  5 hobgoblins
  18 kobolds
  5 quokkas
  4 bats
  A frilled lizard (D:2)
  2 goblin skeletons (D:10)
  3 goblin zombies (D:10)
  4 hobgoblin zombies (D:10)
  3 orc skeletons (D:10)
  13 orc zombies (D:10)
  23 rats
256 creatures vanquished.

Vanquished Creatures (collateral kills)
  A foxfire (D:3)
1 creature vanquished.

Vanquished Creatures (others)
  An orc wizard (D:10)
  1114 foxfires
  2 fungi (D:3)
  10 plants (D:3)
1127 creatures vanquished.

Grand Total: 1384 creatures vanquished

Notes
Turn   | Place    | Note
-------+----------+-------------------------------------------
     0 | D:1      | purpskrrrp the Gargoyle Fire Elementalist began the quest
                  | for the Orb.
     0 | D:1      | Reached XP level 1. HP: 10/10 MP: 3/3
   339 | D:1      | Reached XP level 2. HP: 13/15 MP: 0/5
  1022 | D:1      | Identified a scroll of acquirement
  1022 | D:1      | Acquired the +6 Majin-Bo {vamp, MP+6 Int+6}
  1022 | D:1      | Found the +6 Majin-Bo {vamp, MP+6 Int+6}
  1222 | D:2      | Reached XP level 3. HP: 19/19 MP: 6/6
  2031 | D:3      | Reached skill level 1 in Staves
  2031 | D:3      | Reached XP level 4. HP: 13/24 MP: 7/7
  2251 | D:3      | Reached XP level 5. HP: 21/28 MP: 9/9
  2685 | D:3      | Noticed Robin
  2706 | D:3      | Killed Robin
  3030 | D:3      | Found a faded altar of an unknown god.
  3416 | D:3      | Learned a level 4 spell: Flame Wave
  3848 | D:4      | Found a staircase to the Ecumenical Temple.
  3862 | D:4      | Reached XP level 6. HP: 32/32 MP: 10/10
  3879 | Temple   | Entered the Ecumenical Temple
  4206 | Temple   | Became a worshipper of Kikubaaqudgha
  4507 | D:4      | Found a hide-covered altar of Uskayaw.
  4716 | D:4      | Reached XP level 7. HP: 36/36 MP: 12/12
  4887 | D:5      | Entered Level 5 of the Dungeon
  4969 | D:5      | Found Peheniohi's Distillery.
  5085 | D:5      | Bought a potion of mutation for 96 gold pieces
  5085 | D:5      | Gained mutation: You occasionally lose the ability to drink
                  | potions when taking damage. [potion of mutation]
  5085 | D:5      | Gained mutation: You possess an exceptional clarity of
                  | mind. [potion of mutation]
  5085 | D:5      | Gained mutation: Your muscles are strong. (Str +4, Int/Dex
                  | -1) [potion of mutation]
  5223 | D:5      | Noticed Ijyb
  5231 | D:5      | Killed Ijyb
  5237 | D:5      | Reached * piety under Kikubaaqudgha
  5237 | D:5      | Received a gift from Kikubaaqudgha
  5540 | D:5      | Found a basalt altar of Yredelemnul.
  5566 | D:5      | Found an opulent altar of Gozag.
  5884 | D:5      | Noticed Sigmund
  5890 | D:5      | Killed Sigmund
  5891 | D:5      | Reached skill level 5 in Fire Magic
  5891 | D:5      | Reached XP level 8. HP: 41/41 MP: 14/14
  6815 | D:7      | Reached skill level 5 in Conjurations
  7251 | D:7      | Noticed Maggie
  7264 | D:7      | Killed Maggie
  7265 | D:7      | Reached XP level 9. HP: 25/45 MP: 16/16
  7557 | D:8      | Reached skill level 5 in Spellcasting
  7600 | D:8      | Reached skill level 5 in Staves
  7699 | D:8      | Reached ** piety under Kikubaaqudgha
  7996 | D:8      | Reached skill level 5 in Dodging
  8228 | D:8      | Acquired 601 gold pieces
  8959 | D:9      | Reached XP level 10. HP: 31/50 MP: 19/19
  9155 | D:9      | Found a staircase to the Lair.
  9633 | D:9      | Killed an unseen horror
  9818 | D:9      | Found Bijesip's Distillery.
  9831 | D:9      | Found Maxaum's Book Emporium.
  9833 | D:9      | Found Cucvi's General Store.
  9838 | D:9      | Bought a potion of haste for 150 gold pieces
  9838 | D:9      | Bought a potion of curing for 45 gold pieces
  9838 | D:9      | Bought a potion of brilliance for 60 gold pieces
  9845 | D:9      | Reached *** piety under Kikubaaqudgha
  9845 | D:9      | Received a gift from Kikubaaqudgha
  9903 | D:9      | Bought a potion of degeneration for 15 gold pieces
  9903 | D:9      | Bought a scroll of identify for 30 gold pieces
 10086 | D:9      | Lost mutation: Your muscles are strong. (Str +4, Int/Dex
                  | -1) [potion of mutation]
 10086 | D:9      | Lost mutation: You possess an exceptional clarity of mind.
                  | [potion of mutation]
 10086 | D:9      | Lost mutation: You occasionally lose the ability to drink
                  | potions when taking damage. [potion of mutation]
 10086 | D:9      | Gained mutation: You have hidden genetic defects. [potion
                  | of mutation]
 10107 | D:10     | Entered Level 10 of the Dungeon
 10122 | D:10     | Noticed Erolcha
 10207 | D:9      | Killed Erolcha
 10212 | D:9      | Gained mutation: Your body sometimes deteriorates upon
                  | taking damage. [hidden defects]
 10345 | D:10     | Found a staircase to the Orcish Mines.
 10477 | D:10     | Reached **** piety under Kikubaaqudgha
 10587 | D:10     | Killed an unseen horror
 10655 | D:10     | Identified the +9 sling of Wu Jian's Generosity {flame,
                  | Fragile rElec Dex+3 Stlth+}
 10690 | D:10     | Gained mutation: You occasionally shout uncontrollably at
                  | your foes. [hidden defects]
 10690 | D:10     | Lost mutation: You have hidden genetic defects. [hidden
                  | defects expressed]
 10950 | D:10     | Reached XP level 11. HP: 54/54 MP: 21/21
 11176 | D:10     | Learned a level 3 spell: Kindle Blastsparks
 11180 | D:10     | Learned a level 3 spell: Mephitic Cloud
 11552 | D:11     | You fall into a shaft and drop 3 floors!
 11666 | D:13     | Noticed a manticore
 11724 | D:11     | Noticed a cyclops
 11733 | D:11     | Killed a cyclops
 11997 | D:11     | Found a portal to a secret trove of treasure.
 12517 | D:12     | Noticed a boulder beetle
 12565 | D:12     | Mangled by a boulder beetle

Illustrated notes

Levels and vault maps discovered:
D:1:      dpeg_arrival_leaves_temple_mockup, layout_basic,
          hangedman_decor_points, hex_intersection
D:2:      layout_loops_ring
D:3:      layout_basic, shapermc_ecumenical_altar_mp_ritualfount,
          minmay_rat_hole, uniq_robin
D:4:      layout_basic, overflow_temple_1_default, temple_doors_e,
          grunt_decor_cap
D:5:      layout_gridville, mainiacjoe_overflow_swirl, serial_shops,
          nicolae_shop_hallway_plus, uniq_sigmund, uniq_ijyb
D:6:      layout_cave_pools, grunt_ministairs_5
D:7:      layout_basic, kb_lookout_dungeons_type, uniq_maggie
D:8:      layout_cave_pools, kennysheep_small_spiral
D:9:      layout_loops_cross, lair_entry_dummy, nicolae_wooded_promenade
D:10:     layout_basic, zombieorc2_lemuel, hive_lemuel, uniq_erolcha
D:11:     layout_rooms, nicolae_trove_entry_path_of_doom
D:12:     layout_loops_ring, uniq_kirke
D:13:     layout_rooms, nicolae_two_hexagons
D:14:     layout_basic, erik_vaults_1, fedhas_altar_3,
          gammafunk_ghost_berserking_beasts
Temple:   nicolae_temple_bog_church

Skill      XL: |  1  2  3  4  5  6  7  8  9 10 11 |
---------------+----------------------------------+-----
Dodging        | 2 3 4 5 6 7 |  7.0
Staves         | 1 2 3 4 5 7 8 |  8.0
Conjurations   | 2 3 4 5 6 8 |  8.9
Spellcasting   | 3 4 6 7 |  7.8
Fire Magic     | 4 5 6 8 |  8.8
Stealth        | |  2.7

Action                   |  1- 3 |  4- 6 |  7- 9 | 10-12 || total
-------------------------+-------+-------+-------+-------++-------
Melee: Unarmed           |    16 |       |       |     1 ||    17
       Quarterstaff      |     6 |    39 |    42 |   153 ||   240
 Cast: Foxfire           |    91 |   153 |   267 |   184 ||   695
       Flame Wave        |       |       |     2 |    17 ||    19
       Kindle Blastspark |       |       |       |     7 ||     7
       Mephitic Cloud    |       |       |       |     1 ||     1
  Use: Scroll            |    11 |     3 |     6 |     3 ||    23
       Potion            |       |       |     1 |     6 ||     7
 Stab: Confused          |       |       |       |     2 ||     2
Armor: Robe              |     6 |    29 |     9 |   100 ||   144
       Steam dragon scal |       |       |    20 |       ||    20
Dodge: Dodged            |    23 |    38 |    32 |   115 ||   208

Table legend: (Time is in decaauts)
 A = Elapsed time spent in this place.
 B = Non-inter-level travel time spent in this place.
 C = Inter-level travel time spent in this place.
 D = Time resting spent in this place.
 E = Time spent auto-exploring this place.
 F = Levels seen in this place.
 G = Mean time per level.
                   A        B        C        D        E       F      G
               +--------+--------+--------+--------+--------+-----+--------+
         Total |  12575 |  11722 |    853 |    214 |   9324 |  15 |  838.3 |
       Dungeon |  12211 |  11358 |    853 |    214 |   9143 |  14 |  872.2 |
        Temple |    364 |    364 |      0 |      0 |    181 |   1 |  364.0 |
               +--------+--------+--------+--------+--------+-----+--------+

Top non-repeatable levels by time:
     D:3: 1790 daAuts
     D:5: 1321 daAuts
     D:9: 1316 daAuts
     D:8: 1259 daAuts
    D:10: 1142 daAuts
     D:1: 1075 daAuts
     D:7: 899 daAuts
    D:11: 892 daAuts
     D:2: 861 daAuts
     D:4: 826 daAuts
     D:6: 590 daAuts
  Temple: 364 daAuts
    D:12: 116 daAuts
    D:14: 113 daAuts
    D:13: 5 daAuts
